 Dungeon Crawl Stone Soup version 0.31.0-12-g77e489cdc1 (webtiles) character file.

Game seed: 360886376513877455

2 Goblin1989 the Sneak (level 1, -9/18 HPs)
             Began as a Demonspawn Delver on Feb 16, 2024.
             Was an Initiate of Cheibriados.
             Mangled by a gnoll
             ... wielding a +0 flail
              (12 damage)
             ... on level 5 of the Dungeon.
             The game lasted 00:01:39 (130 turns).

Goblin1989 the Sneak (Demonspawn Delver)             Turns: 130, Time: 00:01:40

Health: -9/18      AC:  3    Str: 13    XL:     1   Next: 33%
Magic:  1/1        EV: 11    Int: 11    God:    Cheibriados [......]
Gold:   14         SH:  0    Dex: 15    Spells: 0/0 levels left

rFire   . . .        a - +0 mace
rCold   . . .        (no shield)
rNeg    . . .        b - +0 leather armour
rPois   .            (no helmet)
rElec   .            (no cloak)
rCorr   .            (no gloves)
SInv    .            (no boots)
Will    .....        (no amulet)
Stlth   +++          (no ring)
HPRegen 0.23/turn    (no ring)
MPRegen 0.07/turn

%: no passive effects
@: very slow
A: no striking features
a: Renounce Religion


You were on level 5 of the Dungeon.
You worshipped Cheibriados.
Cheibriados was noncommittal.
You visited 2 branches of the dungeon, and saw 2 of its levels.

You collected 14 gold pieces.

Inventory:

Hand Weapons
 a - a +0 mace (weapon)
Armour
 b - a +0 leather armour (worn)
Wands
 g - a wand of digging (3) {@v3}
 h - a wand of polymorph (8)
Scrolls
 c - 2 scrolls of fog
 e - a scroll of fear
Potions
 f - a potion of haste {@q3,}


   Skills:
 - Level 3.0 Fighting
 + Level 2.0 Maces & Flails
 - Level 1.7 Dodging
 - Level 4.5 Stealth


You couldn't memorise any spells.
You didn't know any spells.
Your spell library was empty.

Dungeon Overview and Level Annotations

Branches:
Dungeon (5/15) Zot: 8883   Temple (1/1) D:5 Zot: 8934

Altars:
Ashenzari
Cheibriados
Dithmenos
Fedhas
Gozag
Kikubaaqudgha
Makhleb
Nemelex Xobeh
Okawaru
Ru
Sif Muna
Trog
Vehumet
Wu Jian
Xom

Annotations:
D:5 exclusion: hound


Message History

You hear the sound of rushing water.
There is an entrance to a sewer on this level.
Hurry and find it before the portal rusts away!
You hear the hiss of flowing sand.
There is an entrance to an ossuary on this level.
Hurry and find it before the portal is buried!
Bad monster_list_colour key: strict_neutral Options error: Unknown explore stop condition 'gates' (Goblin1989.rc:83) Welcome, Goblin1989 the Demonspawn Delver.
Below lies the Orb of Zot, rumoured to be powerful enough to resurrect a god...
Press ? for a list of commands and other information.
Found a sharpened silver wand.
Found a stone staircase leading down.
As you read the scroll of revelation, it crumbles to dust.
You feel aware of your surroundings.
You sensed 2 shops/portals.
Found 14 gold pieces.
Found a stone staircase leading up and a stone staircase leading down.
h - a wand of polymorph (8)
Found 4 stones.
You now have 14 gold pieces.
A quokka comes into view.
The helpless quokka fails to defend itself.
You thump the quokka!
You kill the quokka!
You see here a quokka corpse.
Okay, then.
What level of the Dungeon? (default 5, ? - help) You're already here!
Found a scroll of fog.
An iguana comes into view.
c - 2 scrolls of fog (gained 1)
Found a staircase to the Ecumenical Temple.
Found 10 gold pieces.
A quokka comes into view.
The quokka twitches its whiskers.
There is a staircase to the Ecumenical Temple here.
You sock the quokka!
You kill the quokka!
Your Maces & Flails skill increases to level 2!
You see here a quokka corpse.
There is a staircase to the Ecumenical Temple here.
You climb downwards.
Welcome to the Ecumenical Temple!
Found a staircase back to the Dungeon.
There is a staircase back to the Dungeon here.
There is a fountain of clear blue water here.
You open the door.
Found a snail-covered altar of Cheibriados.
There is an open door here.
There is a snail-covered altar of Cheibriados here.
You kneel at the altar of Cheibriados.
Cheibriados welcomes you!
Cheibriados begins to support your attributes as your movement slows.
Cheibriados is now slowing the effects of poison on you.
There is an open door here.
There is a fountain of clear blue water here.
There is a staircase back to the Dungeon here.
You climb upwards.
You hear the sound of rushing water.
There is an entrance to a sewer on this level.
Hurry and find it before the portal rusts away!
You hear the hiss of flowing sand.
There is an entrance to an ossuary on this level.
Hurry and find it before the portal is buried!
You hear the slow rusting of a very distant drain.
You hear the slow hiss of a distant avalanche of sand.
There is a staircase to the Ecumenical Temple here.
Unknown command.
There is a fountain of clear blue water here.
A hound comes into view.
Press: ? - help, v - describe, . - travel
Here: a hound (asleep)
The floor.
Placed new exclusion.
A gnoll comes into view. It is wielding a +0 flail.
Found 4 stones. 2 gnolls come into view.
You hit the gnoll.
The gnoll is moderately wounded.
The gnoll hits you with a +0 flail!
You take 7 damage, and have 11/18 hp.
MASSIVE DAMAGE!!
You hit the gnoll.
The gnoll is heavily wounded.
The gnoll hits you with a +0 flail!
* * * LOW HITPOINT WARNING * * *
The gnoll hits you with a +0 flail!
Ouch! That really hurt!
You die...

▓·▓·▓·▓ ▓·▓▓▓▓▓▓▓▓·▓·▓▓▓ █
▓▓··▓··▓ ▓·▓ ▓▓·▓▓ █ ▓▓▓··▓▓▓▓▓
▓▓·▓▓▓ ▓·▓ █
····▲▓▓▓▓▓▓▓▲·▓·███▓▓▓▓·▓▓▓ █
▓▓▓·▓···▓···▓··▓...·······▓▓▓▓ █
▓ ▓▓▓·>·▓·>·▓▓▓▓█(█▓▓▓▓▓▓·▓▓·▓▓ █
▓ ▓···▓···▓ █.█ █.h·█.▓██ ▓
▓▓▓▓▓▓▓▓▓████.█ █.██.█▓█. ▓
▓···▓···▓█.█@.█ █.██.█ █. ▓
▓·>·▓·∩·▓▓█g█.█ █.██.█ █.
▓▓▓▓▓···▓···▓▓█.█.█ █.██.████
····▲▓▓▓▓▓▓█▲██.█.███████........
▓▓▓▓··▓▓▓▓█.g...█.........██.███.
▓··▓▓g....................██..
▓··▓▓........███████.███......
▓····........█ ███.█........
▓··▓▓.g......█ █........8.8.


You could see a gnoll.

Vanquished Creatures
  2 quokkas (D:5)
2 creatures vanquished.

Notes
Turn   | Place    | Note
-------+----------+-------------------------------------------
     0 | D:5      | Goblin1989 the Demonspawn Delver began the quest for the
                  | Orb.
     0 | D:5      | Reached XP level 1. HP: 18/18 MP: 1/1
    30 | D:5      | Noticed an iguana
    36 | D:5      | Found a staircase to the Ecumenical Temple.
    49 | Temple   | Entered the Ecumenical Temple
    73 | Temple   | Became a worshipper of Cheibriados the Contemplative
   104 | D:5      | Noticed a hound
   130 | D:5      | Mangled by a gnoll

Illustrated notes

Levels and vault maps discovered:
D:5:      layout_loops_ring, minmay_temple_entry_statues_fountains,
          nicolae_ossuary_entry_false_entrances, cheibrodos_sewer_entry_bend
Temple:   bh_familiar_temple

Skill      XL: |  1 |
---------------+----+-----
Maces & Flails | 2 |  2.0
Fighting       | |  3.0
Dodging        | |  1.7
Stealth        | |  4.5

Action                     || total
---------------------------++-------
  Melee: Mace              ||     4
    Use: Scroll            ||     1
   Stab: Sleeping          ||     1
 Armour: Leather armour    ||     3
